 Dungeon Crawl Stone Soup version 0.29-a0-666-g26d293caef (webtiles) character file.

Game seed: 8348378670602751039

4491 NoAnimeNoLife the Basher (level 10, 0/65 HPs)
             Began as a Demonspawn Artificer on June 23, 2022.
             Was an Initiate of Yredelemnul.
             Slain by a steam dragon (6 damage)
             ... on level 9 of the Dungeon.
             The game lasted 00:16:04 (12935 turns).

NoAnimeNoLife the Basher (Demonspawn Artificer)    Turns: 12935, Time: 00:16:06

Health: 0/65       AC: 12    Str: 13 (16) XL:     10   Next: 16%
Magic:  0/15       EV: 10    Int: 11 (13) God:    Yredelemnul [......]
Gold:   367        SH:  0    Dex: 13 (14) Spells: 9/9 levels left

rFire   . . .      SeeInvis .   e - +3 morningstar (venom)
rCold   . . .      Faith    .   (no shield)
rNeg    . . .      Spirit   +   i - +0 ring mail
rPois   .          Reflect  .   (helmet unavailable)
rElec   .          Harm     .   (no cloak)
rCorr   .          Rampage  .   (no gloves)
Will    +....                   (no boots)
Stlth   +.........              n - amulet of guardian spirit
HPRegen 0.20/turn               h - +4 ring of protection
MPRegen 0.14/turn               y - ring of willpower

@: no status effects
A: horns 3, slimy green scales 2
a: Renounce Religion, Recall Undead Harvest


You were on level 9 of the Dungeon.
You worshipped Yredelemnul.
Yredelemnul was noncommittal.
You visited 2 branches of the dungeon, and saw 10 of its levels.

You collected 367 gold pieces.

Inventory:

Hand Weapons
 e - a +3 morningstar of venom (weapon)
Missiles
 a - 4 throwing nets
Armour
 i - a +0 ring mail (worn)
Jewellery
 h - a +4 ring of protection (left hand)
 n - an amulet of guardian spirit (around neck)
 s - a ring of ice
 y - a ring of willpower (right hand)
Wands
 d - a wand of charming (2)
Scrolls
 k - 2 scrolls of teleportation
 m - a scroll of enchant weapon
 r - 4 scrolls of fear
 t - a scroll of vulnerability
 w - 2 scrolls of magic mapping
 D - a scroll of fog
Potions
 o - a potion of mutation
 v - 4 potions of brilliance
 z - a potion of ambrosia {unknown}
 B - a potion of degeneration


   Skills:
 - Level 1.0 Fighting
 * Level 10.3 Maces & Flails
 - Level 1.7 Armour
 - Level 0.8 Dodging
 - Level 0.8 Stealth
 + Level 6.9 Invocations
 + Level 8.6 Evocations


You had 9 spell levels left.
You didn't know any spells.
Your spell library contained the following spells:

 Spells                   Type           Power      Damage    Failure   Level
 Confusing Touch          Hex            0%         N/A       92%         3
 Gell's Gravitas          Tloc           0%         N/A       92%         3
 Lesser Beckoning         Tloc           0%         N/A       92%         3
 Teleport Other           Tloc           0%         N/A       92%         3
 Summon Ice Beast         Ice/Summ       0%         N/A       100%        4
 Summon Mana Viper        Hex/Summ       0%         N/A       100%        5
 Yara's Violent Unravell  Hex/Tmut       0%         3d3       100%        5
 Enfeeble                 Hex            0%         N/A       100%        7
 Monstrous Menagerie      Summ           0%         N/A       100%        7
 Chain Lightning          Conj/Air       0%         N/A       100%        9
 Fire Storm               Conj/Fire      0%         5d1       100%        9
 Shatter                  Erth           0%         3d5*      100%        9


Dungeon Overview and Level Annotations

Branches:
Dungeon (9/15)             Temple (1/1) D:5
   Lair: D:8-11         Orc: D:9-12

Altars:
Ashenzari
Cheibriados
Dithmenos
Elyvilon
Fedhas
Gozag
Hepliaklqana
Kikubaaqudgha
Makhleb
Nemelex Xobeh
Okawaru
Qazlal
Ru
Sif Muna
Trog
Uskayaw
Vehumet
Wu Jian
Xom
Yredelemnul
Zin
The Shining One

Shops:
D:1 [   D:7 =   D:9 [


Innate Abilities, Weirdness & Mutations

You have a pair of large horns on your head.
You are mostly covered in slimy green scales. (AC +3)


Message History

You hit the steam dragon but do no damage.
The steam dragon looks as sick as possible!
The steam dragon is lightly wounded.
The steam dragon closely misses you.
The steam dragon claws you but does no damage.
Your gnoll zombie hits the steam dragon but does no damage.
You barely miss the steam dragon.
The steam dragon is lightly wounded.
The steam dragon bites you but does no damage.
The steam dragon barely misses you.
Your gnoll shaman zombie barely misses the steam dragon.
Your gnoll zombie hits the steam dragon.
You feel less attractive to monsters.
You barely miss the steam dragon.
The steam dragon is moderately wounded.
The steam dragon bites you but does no damage.
The steam dragon barely misses you.
Your gnoll shaman zombie hits the steam dragon.
Your gnoll zombie closely misses the steam dragon.
You barely miss the steam dragon.
The steam dragon is heavily wounded.
The steam dragon breathes steam at you. The ball of steam misses you.
Your gnoll shaman zombie closely misses the steam dragon.
Unknown command.
You closely miss the steam dragon.
The steam dragon is heavily wounded.
You are engulfed in a cloud of scalding steam.
* * * LOW HITPOINT WARNING * * *
The steam dragon barely misses you.
The steam dragon claws you but does no damage.
Your gnoll zombie hits the steam dragon.
Your gnoll shaman zombie closely misses the steam dragon.
It was a potion of degeneration.
There was something very wrong with that liquid.
You feel weakened.
You feel dopey.
You feel clumsy.
You are engulfed in a cloud of scalding steam.
The steam dragon bites you!
You die...
Your body rises from the dead as a mindless zombie.

#.......####.§.).........
#..............#.........
#................).......
#...........g#<#...)....
#.......#....#.#.#...###
#.......#.##.#.#....h#
#........ZZ...8.8.8#O#
#....<..#D#.h$.......#####
#.......#@#..§>.∩.<......#
#.......#.###.............
#########§....8.8.8.#.#..#
#§............# .#
#.§........#### .
#.§........# #........?.#
#..........#


You could see a steam dragon (very poisoned, catching breath, ally target), a
friendly gnoll zombie and a friendly gnoll shaman zombie.

Vanquished Creatures
  A two-headed ogre (D:9)
  Grinder (D:5)
  A hornet (D:7)
  Eustachio (D:5)
  2 steam dragons
  An orc warrior (D:8)
  An ice beast (D:7)
  2 ogres
  3 black bears
  A centaur (D:9)
  A phantom (D:5)
  Blork the orc (D:6)
  A necrophage (D:6)
  10 wights
  5 howler monkeys
  A gnoll shaman (D:9)
  An orc priest (D:5)
  A hound (D:5)
  A jelly (D:5)
  4 iguanas
  Ijyb (D:4)
  3 orc wizards
  9 gnolls
  13 adders
  A shadow imp (D:5)
  An ufetubus (D:6)
  2 worms (D:2)
  A dart slug (D:2)
  23 orcs
  2 bats (D:2)
  2 endoplasms
  3 giant cockroaches
  3 hobgoblins
  2 quokkas
  12 ball pythons
  4 frilled lizards (D:2)
  6 goblins
  8 kobolds
  3 rats
139 creatures vanquished.

Vanquished Creatures (collateral kills)
  A shadow (D:8)
  2 yaks (D:7)
  An orc warrior (D:8)
  A centaur (D:7)
  A phantom (D:4)
  A bullfrog (D:7)
  2 howler monkeys
  An iguana (D:6)
  An orc wizard (D:8)
  A shadow imp (D:8)
  2 orcs
  2 endoplasms (D:2)
16 creatures vanquished.

Vanquished Creatures (others)
  A yak (D:7)
  A centaur (D:9)
  An ogre zombie (D:8)
  A howler monkey zombie (D:9)
  2 adders (D:5)
  A steam dragon zombie (D:7)
  A gnoll zombie (D:8)
  4 orc zombies
12 creatures vanquished.

Grand Total: 167 creatures vanquished

Notes
Turn   | Place    | Note
-------+----------+-------------------------------------------
     0 | D:1      | NoAnimeNoLife the Demonspawn Artificer began the quest for
                  | the Orb.
     0 | D:1      | Reached XP level 1. HP: 15/15 MP: 1/1
   744 | D:1      | Reached skill level 1 in Maces & Flails
   855 | D:1      | Found Biperioh's Antique Armour Shop.
   943 | D:1      | Found a faded altar of an unknown god.
  1065 | D:2      | Gained mutation: You are partially covered in slimy green
                  | scales. (AC +2) [demonic ancestry]
  1065 | D:2      | Reached XP level 2. HP: 18/21 MP: 2/2
  1818 | D:2      | Reached skill level 2 in Maces & Flails
  1818 | D:2      | Reached XP level 3. HP: 15/26 MP: 3/3
  2831 | D:2      | Reached XP level 4. HP: 28/32 MP: 4/4
  3150 | D:2      | Reached skill level 3 in Maces & Flails
  4166 | D:4      | Noticed Ijyb
  4166 | D:4      | Noticed a phantom
  4179 | D:4      | Killed a phantom
  4180 | D:4      | Reached XP level 5. HP: 31/37 MP: 2/5
  4190 | D:4      | Your ally Ijyb died
  4191 | D:4      | Reached skill level 4 in Maces & Flails
  4746 | D:4      | Gained mutation: You have a pair of small horns on your
                  | head. [demonic ancestry]
  4746 | D:4      | Reached XP level 6. HP: 27/43 MP: 6/6
  5290 | D:5      | Entered Level 5 of the Dungeon
  5290 | D:5      | Noticed Eustachio
  5300 | D:5      | Killed Eustachio
  5301 | D:5      | Reached skill level 5 in Maces & Flails
  5301 | D:5      | Reached skill level 5 in Evocations
  5312 | D:5      | Gained mutation: You have a pair of horns on your head.
                  | [demonic ancestry]
  5312 | D:5      | Reached XP level 7. HP: 24/48 MP: 3/7
  5573 | D:5      | Noticed Grinder
  5575 | D:5      | Paralysed by Grinder for 3 turns
  5583 | D:5      | Killed Grinder
  5584 | D:5      | Reached skill level 6 in Maces & Flails
  6353 | D:5      | Found a shimmering altar of Xom.
  6355 | D:5      | Found a shimmering altar of Xom.
  6355 | D:5      | Found a hide-covered altar of Uskayaw.
  6408 | D:5      | Found a hide-covered altar of Uskayaw.
  6408 | D:5      | Found a broken altar of Ashenzari.
  6408 | D:5      | Found a sacrificial altar of Ru.
  6762 | D:5      | Found a staircase to the Ecumenical Temple.
  6775 | D:5      | Gained mutation: You are mostly covered in slimy green
                  | scales. (AC +3) [demonic ancestry]
  6775 | D:5      | Reached XP level 8. HP: 27/54 MP: 4/8
  6782 | Temple   | Entered the Ecumenical Temple
  7337 | Temple   | Became a worshipper of Yredelemnul the Dark
  7455 | D:5      | Reached skill level 7 in Maces & Flails
  7665 | D:6      | Reached * piety under Yredelemnul
  8032 | D:6      | Noticed Blork the orc
  8037 | D:6      | Killed Blork the orc
  8046 | D:6      | Reached ** piety under Yredelemnul
  8880 | D:7      | Reached skill level 1 in Invocations
  9086 | D:7      | Found Abomopac's Jewellery Emporium.
  9324 | D:7      | Reached skill level 8 in Maces & Flails
  9799 | D:7      | Noticed a hornet
  9805 | D:7      | Killed a hornet
  9806 | D:7      | Reached XP level 9. HP: 59/59 MP: 11/11
 10468 | D:7      | Reached skill level 9 in Maces & Flails
 10610 | D:7      | Reached skill level 5 in Invocations
 12557 | D:8      | Reached skill level 10 in Maces & Flails
 12616 | D:9      | Found Ysmoaw's Antique Armour Shop.
 12633 | D:9      | Noticed a two-headed ogre
 12884 | D:9      | Killed a two-headed ogre
 12885 | D:9      | Gained mutation: You have a pair of large horns on your
                  | head. [demonic ancestry]
 12885 | D:9      | Reached XP level 10. HP: 24/65 MP: 3/15
 12935 | D:9      | Slain by a steam dragon

Illustrated notes

Levels and vault maps discovered:
D:1:      grunt_arrival_crossed_arrows, layout_basic, serial_shops, shop,
          chequers_ecumenical_altar_grove
D:2:      minmay_alternating_diamond, layout_basic, minmay_snake_closets
D:3:      layout_basic, hangedman_decor_slide_cut, minivault_25,
          kennysheep_another_room
D:4:      layout_loops_corners, uniq_ijyb
D:5:      layout_layer_cave, doesnt_xom_only_xom,
          minmay_temple_entry_proselytizer, uniq_eustachio, uniq_grinder
D:6:      layout_loops_corners, mainiacjoe_overflow_six_doors_small,
          hangedman_decor_diamond_cutter, kennysheep_donut, kennysheep_boxes,
          uniq_blork_the_orc
D:7:      layout_basic, serial_shops, kennysheep_little_box
D:8:      layout_basic, serial_co_window_serial, co_window_of_opportunity_a,
          co_window_paths_b, co_window_corner_a, co_window_corner_a,
          co_window_paths_a, co_window_corner_a, co_window_paths_b,
          co_window_2corner, co_window_2corner, co_window_2corner,
          glass_columns_b, glass_columns_b, glass_columns_b, glass_columns_a,
          glass_columns_a, grunt_ogre_cave
D:9:      layout_basic, serial_shops, shop_statue, nicolae_stop_n_shop_2
Temple:   mainiacjoe_temple_big_plus

Skill      XL: |  1  2  3  4  5  6  7  8  9 |
---------------+----------------------------+-----
Maces & Flails | 1 2 3 4 5 6 8 10 | 10.3
Evocations     | 4 5 6 7 8 |  8.6
Invocations    | 3 6 |  6.9
Fighting       | |  1.0
Armour         | |  1.7
Dodging        | |  0.8
Stealth        | |  0.8

Action                   |  1- 3 |  4- 6 |  7- 9 | 10-12 || total
-------------------------+-------+-------+-------+-------++-------
Melee: Club              |   114 |    39 |       |       ||   153
       Whip              |       |   115 |   193 |       ||   308
       Punch             |       |     3 |     3 |       ||     6
       Headbutt          |       |     3 |    76 |     3 ||    82
       Flail             |       |       |    55 |       ||    55
       Morningstar       |       |       |    87 |    24 ||   111
Evoke: Wand              |    14 |     9 |    19 |       ||    42
  Use: Scroll            |     4 |     3 |     8 |       ||    15
       Potion            |       |       |     5 |     1 ||     6
 Stab: Sleeping          |     1 |       |       |       ||     1
       Distracted        |       |     1 |       |       ||     1
Armor: Ring mail         |    66 |    88 |   140 |    11 ||   305
       Leather armour    |     2 |       |       |       ||     2
       Skin              |       |       |     1 |       ||     1
Dodge: Dodged            |    63 |    74 |   174 |     9 ||   320

Table legend: (Time is in decaauts)
 A = Elapsed time spent in this place.
 B = Non-inter-level travel time spent in this place.
 C = Inter-level travel time spent in this place.
 D = Time resting spent in this place.
 E = Time spent auto-exploring this place.
 F = Levels seen in this place.
 G = Mean time per level.
                   A        B        C        D        E       F      G
               +--------+--------+--------+--------+--------+-----+--------+
         Total |  13231 |  12778 |    453 |   2548 |   8792 |  10 | 1323.1 |
       Dungeon |  12601 |  12249 |    352 |   2548 |   8272 |   9 | 1400.1 |
        Temple |    630 |    529 |    101 |      0 |    520 |   1 |  630.0 |
               +--------+--------+--------+--------+--------+-----+--------+

Top non-repeatable levels by time:
     D:7: 2694 daAuts
     D:2: 2453 daAuts
     D:8: 1785 daAuts
     D:5: 1609 daAuts
     D:4: 1239 daAuts
     D:6: 1121 daAuts
     D:1: 1020 daAuts
  Temple: 630 daAuts
     D:3: 598 daAuts
     D:9: 78 daAuts
